 Dungeon Crawl Stone Soup version 0.28.0-49-g6dfe1f597d (webtiles) character file.

Game seed: 11982436869720265170

4 bromine the Skirmisher (level 1, 0/24 HPs)
             Began as an Ogre Berserker on May 16, 2022.
             Was a Follower of Trog.
             Slain by a frilled lizard (2 damage)
             ... on level 1 of the Dungeon.
             The game lasted 00:00:32 (400 turns).

bromine the Skirmisher (Ogre Berserker)              Turns: 400, Time: 00:00:32

Health: 0/24       AC:  3    Str: 20    XL:     1   Next: 60%
Magic:  1/1        EV: 10    Int:  8    God:    Trog [*.....]
Gold:   14         SH:  0    Dex:  8    Spells: 0/0 levels left

rFire   . . .      SeeInvis .   a - +0 mace
rCold   . . .      Faith    .   (no shield)
rNeg    . . .      Spirit   .   b - +0 animal skin
rPois   .          Reflect  .   (helmet restricted)
rElec   .          Harm     .   (no cloak)
rCorr   .          Rampage  .   (gloves unavailable)
Will    .....                   (boots unavailable)
Stlth   +.........              (no amulet)
HPRegen 0.08/turn               (no ring)
MPRegen 0.07/turn               (no ring)

@: no status effects
A: large, unfitting armour, tough skin 1
a: Renounce Religion, Berserk


You were on level 1 of the Dungeon.
You worshipped Trog.
Trog was aware of your devotion.
You visited 1 branch of the dungeon, and saw 1 of its levels.

You collected 14 gold pieces.

Inventory:

Hand Weapons
 a - a +0 mace (weapon)
Armour
 b - a +0 animal skin (worn)
Scrolls
 c - 2 scrolls of identify {unknown}
Potions
 d - a potion of ambrosia {unknown}
 e - a potion of flight {unknown}


   Skills:
 + Level 4.1 Fighting
 + Level 2.8 Maces & Flails
 + Level 2.8 Dodging


You couldn't memorise any spells.
You didn't know any spells.
Your spell library was empty.

Dungeon Overview and Level Annotations

Branches:
Dungeon (1/15)

Altars:


Innate Abilities, Weirdness & Mutations

You are too large for most types of armour.
You have tough skin. (AC +1)


Message History

A goblin comes into view. It is wielding a +0 club.
The goblin shouts!
A hobgoblin comes into view.
A goblin comes into view. It is wielding a +0 club.
The hobgoblin shouts!
The goblin shouts!
You hear an angry hiss.
A goblin comes into view. It is wielding a +0 vampiric dagger.
A frilled lizard comes into view.
The goblin shouts!
You hear a shout!
The goblin barely misses you.
A dart slug comes into view.
The goblin barely misses you.
The dart slug moves out of view.
You hit the goblin but do no damage. The goblin barely misses you.
The hobgoblin barely misses you. The goblin hits you but does no damage.
A rat comes into view.
The hobgoblin hits you. The goblin hits you with a +0 club.
The goblin hits you with a +0 vampiric dagger.
The goblin hits you with a +0 club.
You closely miss the hobgoblin. The hobgoblin hits you.
The goblin barely misses you. The goblin hits you but does no damage.
The goblin hits you with a +0 club. The frilled lizard closely misses you.
The hobgoblin hits you. The goblin closely misses you.
You completely miss the hobgoblin. The goblin misses you.
The goblin barely misses you. The frilled lizard bites you.
The hobgoblin closely misses you. The goblin hits you with a +0 club.
The goblin hits you with a +0 vampiric dagger.
The goblin hits you with a +0 club.
* * * LOW HITPOINT WARNING * * *
The hobgoblin hits you but does no damage.
The goblin hits you with a +0 club.
* * * LOW HITPOINT WARNING * * *
You hit the goblin.
The goblin is heavily wounded.
The goblin barely misses you. The frilled lizard bites you.
* * * LOW HITPOINT WARNING * * *
The hobgoblin hits you but does no damage.
The goblin barely misses you. x2
You closely miss the goblin.
The goblin is heavily wounded.
The frilled lizard bites you.
You die...

#.# ### #.# ###....
..###.# .......
#..##.#############.#.....
##................ .......
####.#########... ..w....
#.# #####.##......
#####.######....g.g..#
................@lgr#
#####..#....[###g.###
#####....#######.##
#......### ##..#
#.####>#######..##
#...[..##.## ######.#..#
#...## ##.....(...


You could see a dart slug, a hobgoblin, 3 goblins, a frilled lizard and a rat.

Vanquished Creatures
  A bat (D:1)
  An endoplasm (D:1)
  A quokka (D:1)
3 creatures vanquished.

Vanquished Creatures (others)
  4 toadstools (D:1)
4 creatures vanquished.

Grand Total: 7 creatures vanquished

Notes
Turn   | Place    | Note
-------+----------+-------------------------------------------
     0 | D:1      | bromine the Ogre Berserker began the quest for the Orb.
     0 | D:1      | Reached XP level 1. HP: 24/24 MP: 1/1
   400 | D:1      | Slain by a frilled lizard

Illustrated notes

Levels and vault maps discovered:
D:1:      ldierk_walled_garden_2, layout_rooms,
          shapermc_ecumenical_altar_mp_highgroup

Action                   || total
-------------------------++-------
Melee: Mace              ||    19
Armor: Animal skin       ||    22
Dodge: Dodged            ||    43
